AoeStats
← Nand_offline

Golden Pit

509962854Analyzed
1v1 RM · 3d ago on Sep 28, 2026· 42m 38s· 2 players
Game mode
Random Map
Map size
Tiny (2 player)
Population
200
Speed
Normal
Resources
Standard
Victory
Conquest
Starting age
Dark Age
Ending age
Imperial Age
RankedLock teamsTeams togetherTeam positionsShared explorationLock speedFull tech treeHidden civsTurbo modeCheats
Victory
Defeat
🇺🇾 Inca · Uruguay
662
+16
🇩🇪 Portuguese · Germany
661
-16
wwmracer1982
1:11 Loom
14:46 Feudal Age
16:34 Wheelbarrow
16:34 Double-Bit Axe
16:33 Horse Collar
21:19 Town Watch
29:08 Castle Age
27:40 Fletching
28:02 Forging
27:20 Man-at-Arms
28:05 Stone Mining
29:37 Arson
29:57 Padded Archer Armor
29:57 Scale Mail Armor
30:03 Scale Barding Armor
31:42 Heavy Plow
32:00 Hand Cart
31:52 Bodkin Arrow
31:21 Pikeman
31:22 Long Swordsman
31:27 Elite Skirmisher
32:29 Fervor
35:51 Iron Casting
35:32 Chain Mail Armor
35:33 Leather Archer Armor
40:36 Thumb Ring
Nand_offline
4:09 Loom
9:28 Feudal Age
12:38 Horse Collar
14:32 Champi Runner
22:55 Castle Age
21:37 Double-Bit Axe
21:49 Gold Mining
23:43 Forging
27:21 Sanctity
27:34 Ballistics
29:04 Squires
28:43 Crossbowman
29:22 Fletching
29:33 Scale Mail Armor
29:56 Champi Warrior
32:55 Iron Casting
35:40 Thumb Ring
39:36 Imperial Age
37:31 Padded Archer Armor
42:14 Arbalester
Connection lost

Rejoining the realm…

Still unreachable

The connection could not be restored.

Session expired

The server has moved on; the page needs a fresh start.